AoeStats
← [POKR]Benzunum

Arena

510469594Analyzed
3v3 RM · 1d ago on Oct 1, 2026· 73m 20s· 6 players
Game mode
Random Map
Map size
Normal (6 player)
Population
200
Speed
Normal
Resources
Standard
Victory
Conquest
Starting age
Dark Age
Ending age
Imperial Age
RankedLock teamsTeams togetherTeam positionsShared explorationLock speedFull tech treeHidden civsTurbo modeCheats
Victory
Defeat
🇺🇸 Lithuanians · United States
1294
+14
🇺🇸 Sicilians · United States
1275
+14
🇲🇽 Lithuanians · Mexico
1205
+16
🇨🇴 Burgundians · Colombia
1247
-15
🇨🇴 Cumans · Colombia
1245
-15
🇨🇴 Teutons · Colombia
1223
-14
[POKR]Benzunum
9:38 Feudal Age
8:26 Loom
12:32 Fletching
14:01 Double-Bit Axe
22:24 Castle Age
21:20 Scale Barding Armor
22:22 Bloodlines
22:24 Forging
28:01 Horse Collar
29:30 Chain Barding Armor
30:48 Gold Mining
31:55 Wheelbarrow
32:02 Bow Saw
32:45 Iron Casting
33:20 Town Watch
33:50 Hand Cart
33:39 Heavy Plow
37:44 Imperial Age
35:44 Town Patrol
35:59 Masonry
36:43 Scale Mail Armor
37:44 Chain Mail Armor
38:06 Fortified Wall
37:47 Cavalier
39:43 Blast Furnace
40:15 Chemistry
40:02 Plate Barding Armor
40:09 Paladin
41:47 Plate Mail Armor
45:06 Pikeman
46:10 Halberdier
46:53 Squires
49:42 Gambesons
51:55 Two-Man Saw
52:17 Guilds
54:31 Crop Rotation
55:32 Gambesons
58:19 Arson
61:21 Elite Skirmisher
61:53 Man-at-Arms
62:49 Bodkin Arrow
62:55 Padded Archer Armor
64:07 Ballistics
65:28 Leather Archer Armor
66:46 Long Swordsman
Splattcol
6:15 Loom
8:24 Feudal Age
8:56 Double-Bit Axe
19:25 Fletching
25:22 Castle Age
24:52 Bloodlines
24:41 Horse Collar
26:06 Bodkin Arrow
26:01 Crossbowman
28:11 Scale Barding Armor
34:05 Chain Barding Armor
33:55 Forging
39:13 Imperial Age
37:20 Wheelbarrow
37:40 Sanctity
37:38 Scale Mail Armor
37:41 Pikeman
38:21 Squires
38:38 Chain Mail Armor
37:52 Capped Ram
39:07 Heavy Plow
39:33 Halberdier
39:36 Siege Ram
42:21 Plate Mail Armor
43:01 Iron Casting
45:06 Light Cavalry
47:30 Blast Furnace
47:19 Hussar
51:15 Plate Barding Armor
54:28 Bow Saw
54:58 Padded Archer Armor
54:26 Cavalier
55:40 Hand Cart
56:33 Gold Mining
56:19 Paladin
62:04 Padded Archer Armor
62:26 Thumb Ring
61:46 Elite Skirmisher
63:34 Leather Archer Armor
64:18 Ballistics
65:05 Ring Archer Armor
65:47 Chemistry
Tizon
7:37 Loom
9:38 Feudal Age
11:08 Double-Bit Axe
15:01 Forging
16:34 Horse Collar
18:55 Scale Mail Armor
20:22 Wheelbarrow
23:27 Castle Age
23:30 Heavy Plow
23:39 Scale Barding Armor
24:48 Bow Saw
24:21 Cavalier
25:04 Husbandry
24:36 Light Cavalry
27:00 Two-Man Saw
27:04 Stone Mining
27:40 Gold Mining
28:44 Hand Cart
29:58 Crop Rotation
31:45 Gold Shaft Mining
31:46 Stone Shaft Mining
34:19 Chain Barding Armor
35:43 Iron Casting
38:38 Fortified Wall
43:54 Imperial Age
41:10 Pikeman
41:51 Squires
41:38 Arson
43:12 Burgundian Vineyards
45:11 Chain Mail Armor
45:57 Blast Furnace
44:42 Halberdier
48:28 Plate Mail Armor
50:02 Man-at-Arms
51:49 Plate Barding Armor
51:02 Paladin
51:03 Hussar
52:41 Long Swordsman
55:07 Ballistics
55:48 Chemistry
54:59 Masonry
55:02 Two-Handed Swordsman
57:05 Champion
65:56 Hoardings
66:03 Hoardings
Oveja de Batalla
11:11 Feudal Age
11:54 Man-at-Arms
14:12 Town Watch
18:14 Loom
20:21 Double-Bit Axe
20:39 Horse Collar
23:05 Gold Mining
23:49 Scale Mail Armor
29:05 Castle Age
27:54 Padded Archer Armor
27:44 Fletching
31:08 Leather Archer Armor
42:14 Bow Saw
43:24 Bodkin Arrow
44:26 Crossbowman
49:47 Imperial Age
46:52 Elite Skirmisher
48:36 Forging
51:59 Chemistry
51:19 Ballistics
51:08 Thumb Ring
52:07 Ring Archer Armor
51:37 Bracer
53:17 Pikeman
53:58 Squires
54:06 Halberdier
55:40 Conscription
56:47 Heavy Plow
58:08 Heavy Cavalry Archer
60:42 Two-Man Saw
59:45 Hill Forts
59:46 Tower Shields
64:00 Stone Mining
64:28 Chain Mail Armor
64:48 Iron Casting
64:20 Scale Barding Armor
64:07 Elite Leitis
Maverick8564
11:25 Feudal Age
15:42 Castle Age
14:10 Fletching
14:19 Double-Bit Axe
14:17 Horse Collar
16:39 Bow Saw
17:06 Stone Mining
21:47 Loom
24:03 Wheelbarrow
24:56 Heavy Plow
30:26 Hand Cart
30:46 Scale Mail Armor
30:56 Forging
30:39 Town Watch
31:46 Squires
31:06 Pikeman
32:03 Chain Mail Armor
33:38 Gold Mining
36:24 Imperial Age
36:10 Iron Casting
36:13 Arson
37:31 Conscription
37:06 Halberdier
38:18 Plate Mail Armor
38:48 Blast Furnace
38:13 Caravan
38:34 Bodkin Arrow
39:22 Guilds
42:03 Bracer
42:36 Fervor
44:05 Gold Shaft Mining
46:48 Coinage
50:15 Banking
53:12 Chemistry
52:35 Ballistics
52:20 Siege Engineers
53:00 Elite Serjeant
54:02 Hauberk
56:14 Bloodlines
56:04 Husbandry
55:24 Cavalier
59:53 Scale Barding Armor
62:41 Chemistry
Octosaurus
11:01 Feudal Age
15:10 Castle Age
14:17 Horse Collar
14:24 Double-Bit Axe
16:37 Bow Saw
25:43 Wheelbarrow
26:24 Loom
30:12 Imperial Age
28:13 Scale Barding Armor
28:22 Heavy Plow
28:45 Gold Mining
28:45 Stone Mining
29:20 Bloodlines
29:11 Husbandry
31:15 Chain Barding Armor
31:05 Forging
30:19 Cavalier
31:40 Paladin
33:58 Plate Barding Armor
34:00 Iron Casting
35:28 Conscription
34:58 Light Cavalry
41:34 Hoardings
40:41 Treadmill Crane
41:11 Masonry
40:58 Murder Holes
40:56 Fletching
41:41 Crop Rotation
41:52 Winged Hussar
44:02 Elite Skirmisher
44:48 Thumb Ring
44:39 Bodkin Arrow
44:45 Padded Archer Armor
45:17 Architecture
46:27 Chemistry
49:44 Fortified Wall
50:50 Coinage
50:21 Caravan
55:25 Bracer
57:11 Banking
56:53 Guilds
57:19 Capped Ram
Connection lost

Rejoining the realm…

Still unreachable

The connection could not be restored.

Session expired

The server has moved on; the page needs a fresh start.